 Dungeon Crawl Stone Soup version 0.29.0-4-gdea44cf6ec (webtiles) character file.

Game seed: 644883150512953014

3562 qw the Cleaver (level 10, -1/64 HPs)
             Began as a Gargoyle Fighter on Sept 9, 2022.
             Slain by a seven-headed hydra (12 damage)
             ... on level 7 of the Dungeon.
             The game lasted 00:03:42 (8243 turns).

qw the Cleaver (Gargoyle Fighter)                   Turns: 8243, Time: 00:03:43

Health: -1/64      AC: 23    Str: 25    XL:     10   Next: 9%
Magic:  10/10      EV: 11    Int:  8    God:
Gold:   55         SH:  4    Dex:  9    Spells: 9/9 levels left

rFire   . . .      SeeInvis .   o - +0 morningstar
rCold   . . .      Faith    .   c - +0 buckler
rNeg    + . .      Spirit   .   a - +0 plate armour
rPois   inf        Reflect  .   b - +0 helmet
rElec   +          Harm     .   (no cloak)
rCorr   .          Rampage  .   (no gloves)
Will    .....                   p - +0 pair of boots
Stlth   ..........              (no amulet)
HPRegen 0.20/turn               j - +4 ring of evasion
MPRegen 0.12/turn               (no ring)

@: no status effects
A: sickness immunity, AC +7, negative energy resistance 1, electricity
resistance, torment resistance 1, petrification resistance
a: no special abilities


You were on level 7 of the Dungeon.
You visited 2 branches of the dungeon, and saw 8 of its levels.

You collected 380 gold pieces.
You spent 325 gold pieces at shops.


Innate Abilities, Weirdness & Mutations

You are immune to sickness and miasma.
Your stone body is resilient. (AC +7)
You are immune to poison.
You resist negative energy. (rN+)
You are resistant to electric shocks. (rElec)
You are resistant to unholy torment.
You are immune to petrification.


   Skills:
 + Level 7.8 Fighting
 - Level 10.0 Axes
 - Level 1.5 Throwing
 - Level 7.1 Armour
 - Level 1.1 Dodging
 - Level 4.1 Shields


You had 9 spell levels left.
You didn't know any spells.
Your spell library was empty.

Inventory:

Hand Weapons
 o - a +0 morningstar (weapon)
 Y - a +1 war axe
Armour
 a - a +0 plate armour (worn)
 b - a +0 helmet (worn)
 c - a +0 buckler (worn)
 p - a +0 pair of boots (worn)
Jewellery
 j - a +4 ring of evasion (left hand)
 r - a ring of ice
Wands
 m - a wand of digging (4)
Scrolls
 g - a scroll of identify
 k - 4 scrolls of blinking
 n - a scroll of brand weapon {unknown}
 q - a scroll of teleportation
Potions
 d - 2 potions of might
 e - a potion of lignification
 f - 2 potions of curing
 h - a potion of attraction
 i - a potion of resistance
 l - a potion of cancellation

Dungeon Overview and Level Annotations

Branches:
Dungeon (7/15)             Temple (1/1) D:4

Altars:
Ashenzari
Cheibriados
Elyvilon
Fedhas
Hepliaklqana
Kikubaaqudgha
Makhleb
Nemelex Xobeh
Uskayaw
Wu Jian
Xom
Zin
The Shining One

Shops:
D:2 [((!=   D:7 =

Annotations:
D:7 1 runed translucent door, Crazy Yiuf


Message History

8236 ||| SHOPLISTING ring of see invisible (195 gold, have 55).
You can access your shopping list by pressing '$'.
A seven-headed hydra is nearby!
The seven-headed hydra roars!
8238 ||| SWAPPING to +0 morningstar.
o - a +0 morningstar (weapon)
You sock the seven-headed hydra!
The seven-headed hydra is lightly wounded.
The seven-headed hydra bites you but does no damage.
The seven-headed hydra bites you.
The seven-headed hydra bites you but does no damage.
The seven-headed hydra closely misses you.
The seven-headed hydra bites you but does no damage.
The seven-headed hydra closely misses you.
The seven-headed hydra bites you!
You sock the seven-headed hydra!
The seven-headed hydra is moderately wounded.
The seven-headed hydra bites you but does no damage. x3
You block the seven-headed hydra's attack.
The seven-headed hydra bites you but does no damage.
The seven-headed hydra bites you. x2
You puncture the seven-headed hydra!
The seven-headed hydra is moderately wounded.
The seven-headed hydra barely misses you.
The seven-headed hydra bites you but does no damage. x4
The seven-headed hydra misses you.
The seven-headed hydra bites you but does no damage.
You block the seven-headed hydra's attack.
The seven-headed hydra barely misses you.
The seven-headed hydra bites you but does no damage. x3
The seven-headed hydra bites you.
The seven-headed hydra closely misses you.
You puncture the seven-headed hydra!
The seven-headed hydra is heavily wounded.
You block the seven-headed hydra's attack.
The seven-headed hydra bites you! x2
The seven-headed hydra closely misses you.
The seven-headed hydra bites you but does no damage. x2
The seven-headed hydra bites you!
You die...

...#####%..#...###.###.
^.%..))#^###..## .##...
.#.#.#%#..##..#### #....
.#..)#.##.##..... ...#.
^###########.#.####.....
############........#$..
......................
.......###......D.#.#
.......#.......@....#
..............\...###
..................#
.......<..........#
#########.........##
#.............
#.....>...####
+.........# #...#######


You could see a seven-headed hydra.

Vanquished Creatures
  Pikel (D:7)
  3 trolls (D:7)
  Sigmund (D:3)
  Menkaure (D:6)
  A water moccasin (D:5)
  A black bear (D:5)
  4 ogres
  A centaur (D:6)
  A phantom (D:6)
  A lemure (D:7)
  A kobold brigand (D:7)
  A necrophage (D:4)
  8 scorpions
  2 jellies (D:4)
  4 hounds
  An orc priest (D:4)
  A gnoll bouda (D:7)
  Ijyb (D:4)
  5 iguanas (D:5)
  Terence (D:3)
  An orc wizard (D:5)
  16 adders
  17 gnolls
  2 shadow imps
  3 white imps
  An ufetubus (D:3)
  A worm (D:2)
  6 dart slugs
  11 orcs
  8 ball pythons
  6 bats
  3 bat zombies (D:3)
  8 endoplasms
  3 giant cockroaches
  8 goblins
  5 hobgoblins
  2 jackals (D:3)
  2 quokkas (D:1)
  2 frilled lizards (D:2)
  17 kobolds
  3 rats
  3 rat zombies (D:3)
168 creatures vanquished.

Vanquished Creatures (others)
  8 fungi (D:7)
  26 plants
34 creatures vanquished.

Grand Total: 202 creatures vanquished

Notes
Turn   | Place    | Note
-------+----------+-------------------------------------------
     0 | D:1      | qw the Gargoyle Fighter began the quest for the Orb.
     0 | D:1      | Reached XP level 1. HP: 14/14 MP: 1/1
     0 | D:1      | 0 ||| qw: Version: 0.1-a-113-g051387a
     0 | D:1      | 0 ||| qw: Game counter: 7056
     0 | D:1      | 0 ||| qw: Always use a shield: true
     0 | D:1      | 0 ||| qw: God list: Okawaru
     0 | D:1      | 0 ||| qw: Allow faded altars: false
     0 | D:1      | 0 ||| qw: Do Orc after D:15 true
     0 | D:1      | 0 ||| qw: Do second Lair branch before Depths: true
     0 | D:1      | 0 ||| qw: Lair rune preference: random
     0 | D:1      | 0 ||| qw: Plans: Normal, Zot, God:TSO, Crypt, Tomb, Zig,
                  | Orb
     0 | D:1      | 0 ||| PLANNING D:1-11
    35 | D:1      | Reached skill level 2 in Axes
    91 | D:1      | 91 ||| DROPPING +0 club.
   142 | D:1      | Reached XP level 2. HP: 17/19 MP: 2/2
   394 | D:1      | Found a faded altar of an unknown god.
   457 | D:1      | Reached skill level 3 in Axes
   586 | D:1      | Reached XP level 3. HP: 23/23 MP: 3/3
   937 | D:1      | 937 ||| UPGRADING to +0 chain mail.
   947 | D:1      | 947 ||| DROPPING +0 scale mail.
   948 | D:1      | 948 ||| READING scroll labelled REDUPH FEARUTE.
   949 | D:1      | 949 ||| READING 3 scrolls labelled PAUROX ATIE.
   950 | D:1      | 950 ||| DRINKING 2 metallic black potions.
   951 | D:1      | 951 ||| DRINKING 2 red potions.
  1052 | D:1      | 1052 ||| READING 2 scrolls of identify.
  1052 | D:1      | 1052 ||| IDENTIFYING bubbling amethyst potion
  1053 | D:1      | 1053 ||| DROPPING potion of ambrosia.
  1073 | D:2      | Found Aniusaobb's Weapon Shoppe.
  1089 | D:2      | 1089 ||| SHOPLISTING +1 broad axe of flaming (184 gold,
                  | have 59).
  1090 | D:2      | 1090 ||| Stepping ~*~*~tactically~*~*~ (hiding).
  1162 | D:2      | 1162 ||| Stepping ~*~*~tactically~*~*~ (stealth).
  1179 | D:2      | Found Erchummeng's Antique Weapon Shop.
  1234 | D:2      | Found Rullairch's Distillery.
  1238 | D:2      | 1238 ||| SHOPLISTING 2 potions of curing (84 gold, have
                  | 59).
  1238 | D:2      | 1238 ||| SHOPLISTING 2 potions of lignification (84 gold,
                  | have 59).
  1238 | D:2      | 1238 ||| SHOPLISTING potion of haste (140 gold, have 59).
  1238 | D:2      | 1238 ||| SHOPLISTING potion of heal wounds (70 gold, have
                  | 59).
  1238 | D:2      | 1238 ||| SHOPLISTING potion of resistance (140 gold, have
                  | 59).
  1591 | D:2      | Reached XP level 4. HP: 23/28 MP: 4/4
  1723 | D:2      | Reached skill level 4 in Axes
  1751 | D:2      | Found Giesimaum's Antique Armour Shoppe.
  1758 | D:2      | 1758 ||| SHOPLISTING brightly glowing plate armour (644
                  | gold, have 63).
  1758 | D:2      | 1758 ||| SHOPLISTING runed plate armour (598 gold, have
                  | 63).
  1758 | D:2      | 1758 ||| SHOPLISTING shiny buckler (172 gold, have 63).
  2050 | D:2      | Found Zasehis's Jewellery Boutique.
  2059 | D:2      | 2059 ||| SHOPLISTING amulet of the acrobat (300 gold, have
                  | 68).
  2059 | D:2      | 2059 ||| SHOPLISTING ring of positive energy (200 gold,
                  | have 68).
  2059 | D:2      | 2059 ||| SHOPLISTING ring of see invisible (150 gold, have
                  | 68).
  2059 | D:2      | 2059 ||| SHOPLISTING ring of the Octopus King {rF+ HP+2
                  | AC+2 EV+2 SH+2} (614 gold, have 68).
  2059 | D:2      | 2059 ||| SHOPLISTING ring of willpower (250 gold, have 68).
  2073 | D:2      | 2073 ||| UPGRADING to +0 helmet.
  2078 | D:2      | 2078 ||| DROPPING +0 chain mail of poison resistance.
  2079 | D:2      | 2079 ||| READING scroll labelled VEXA VERITO.
  2080 | D:2      | 2080 ||| READING 3 scrolls labelled JUMOLU ARIACRUB.
  2081 | D:2      | 2081 ||| READING 2 scrolls of identify.
  2081 | D:2      | 2081 ||| IDENTIFYING puce potion
  2082 | D:2      | 2082 ||| DROPPING potion of brilliance.
  2117 | D:3      | 2117 ||| Stepping ~*~*~tactically~*~*~ (hiding).
  2119 | D:3      | 2119 ||| Stepping ~*~*~tactically~*~*~ (hiding).
  2385 | D:3      | 2385 ||| FLEEEEING.
  2399 | D:3      | 2399 ||| Stepping ~*~*~tactically~*~*~ (hiding).
  2577 | D:3      | Noticed Sigmund
  2591 | D:3      | HP: 2/28 [Sigmund/+0 scythe (7)]
  2596 | D:3      | Killed Sigmund
  2597 | D:3      | Reached skill level 5 in Axes
  2597 | D:3      | Reached XP level 5. HP: 3/32 MP: 5/5
  2597 | D:3      | Reached XP level 6. HP: 3/37 MP: 6/6
  2907 | D:3      | 2907 ||| Stepping ~*~*~tactically~*~*~ (stealth).
  2912 | D:3      | 2912 ||| Stepping ~*~*~tactically~*~*~ (stealth).
  2926 | D:3      | 2926 ||| DROPPING +0 whip.
  3170 | D:3      | Noticed Terence
  3177 | D:3      | Killed Terence
  3333 | D:3      | Found an ancient bone altar of Kikubaaqudgha.
  3335 | D:3      | 3335 ||| UPGRADING to +0 plate armour.
  3345 | D:3      | 3345 ||| DROPPING +0 chain mail.
  3346 | D:3      | 3346 ||| READING scroll labelled SOECUSMI ALARPH.
  3418 | D:4      | 3418 ||| STAIRDANCE
  3429 | D:4      | 3429 ||| STAIRDANCE
  3437 | D:3      | Reached skill level 6 in Axes
  3586 | D:4      | Reached XP level 7. HP: 36/43 MP: 7/7
  3645 | D:4      | 3645 ||| Stepping ~*~*~tactically~*~*~ (stealth).
  3646 | D:4      | 3646 ||| Stepping ~*~*~tactically~*~*~ (stealth).
  3647 | D:4      | 3647 ||| Stepping ~*~*~tactically~*~*~ (stealth).
  3650 | D:4      | 3650 ||| Stepping ~*~*~tactically~*~*~ (stealth).
  3651 | D:4      | 3651 ||| Stepping ~*~*~tactically~*~*~ (stealth).
  3681 | D:4      | 3681 ||| Stepping ~*~*~tactically~*~*~ (stealth).
  3791 | D:4      | 3791 ||| DROPPING +0 flail.
  3838 | D:4      | Found a staircase to the Ecumenical Temple.
  3839 | D:4      | 3839 ||| PLANNING TEMPLE
  3839 | D:4      | 3839 ||| Stepping ~*~*~tactically~*~*~ (hiding).
  3840 | D:4      | 3840 ||| Stepping ~*~*~tactically~*~*~ (hiding).
  3860 | D:4      | HP: 6/43 [gnoll/+0 spear (6)]
  3864 | D:4      | HP: 2/43 [ball python (2)]
  4155 | D:4      | 4155 ||| UPGRADING to +4 ring of evasion.
  4156 | D:4      | 4156 ||| READING scroll labelled RYUGUT VUCYCY.
  4157 | D:4      | 4157 ||| READING scroll labelled BAJAAGARET.
  4161 | D:4      | 4161 ||| DRINKING 2 pink potions.
  4162 | D:4      | 4162 ||| READING 2 scrolls of identify.
  4162 | D:4      | 4162 ||| IDENTIFYING fuming purple potion
  4163 | D:4      | 4163 ||| DROPPING potion of invisibility.
  4193 | Temple   | Entered the Ecumenical Temple
  4340 | Temple   | 4340 ||| PLANNING D:1-11
  4364 | D:4      | 4364 ||| Stepping ~*~*~tactically~*~*~ (hiding).
  4584 | D:4      | Reached skill level 7 in Axes
  4631 | D:4      | Found a white marble altar of Elyvilon.
  4648 | D:4      | Noticed Ijyb
  4649 | D:4      | 4649 ||| Stepping ~*~*~tactically~*~*~ (stealth).
  4655 | D:4      | Killed Ijyb
  4801 | D:4      | 4801 ||| READING 2 scrolls of identify.
  4801 | D:4      | 4801 ||| IDENTIFYING bubbling coppery potion
  4812 | D:5      | Entered Level 5 of the Dungeon
  4825 | D:5      | 4825 ||| STAIRDANCE
  5030 | D:5      | Reached XP level 8. HP: 49/49 MP: 8/8
  5066 | D:5      | HP: 12/49 [gnoll/+0 flail (3)]
  5072 | D:5      | HP: 10/49 [gnoll/+0 spear (3)]
  5075 | D:5      | Reached skill level 1 in Dodging
  5209 | D:5      | 5209 ||| Stepping ~*~*~tactically~*~*~ (stealth).
  5210 | D:5      | 5210 ||| Stepping ~*~*~tactically~*~*~ (stealth).
  5211 | D:5      | 5211 ||| Stepping ~*~*~tactically~*~*~ (stealth).
  5212 | D:5      | 5212 ||| Stepping ~*~*~tactically~*~*~ (stealth).
  5216 | D:5      | 5216 ||| Stepping ~*~*~tactically~*~*~ (stealth).
  5265 | D:5      | Reached skill level 1 in Throwing
  5323 | D:5      | 5323 ||| Stepping ~*~*~tactically~*~*~ (stealth).
  5325 | D:5      | 5325 ||| Stepping ~*~*~tactically~*~*~ (stealth).
  5334 | D:5      | 5334 ||| Stepping ~*~*~tactically~*~*~ (stealth).
  5352 | D:5      | 5352 ||| Stepping ~*~*~tactically~*~*~ (stealth).
  5353 | D:5      | 5353 ||| Stepping ~*~*~tactically~*~*~ (stealth).
  5358 | D:5      | 5358 ||| Stepping ~*~*~tactically~*~*~ (stealth).
  5378 | D:5      | 5378 ||| Stepping ~*~*~tactically~*~*~ (stealth).
  5417 | D:5      | 5417 ||| DRINKING 3 potions of curing.
  5417 | D:5      | 5417 ||| (to cure confusion)
  5429 | D:5      | HP: 12/49 [ogre/+0 giant club (19)]
  5430 | D:5      | HP: 3/49 [iguana (10)]
  5431 | D:5      | Reached skill level 8 in Axes
  5616 | D:5      | 5616 ||| FLEEEEING.
  5617 | D:5      | 5617 ||| FLEEEEING.
  5619 | D:5      | 5619 ||| FLEEEEING.
  5620 | D:5      | 5620 ||| FLEEEEING.
  5621 | D:5      | 5621 ||| FLEEEEING.
  5622 | D:5      | 5622 ||| FLEEEEING.
  5623 | D:5      | 5623 ||| FLEEEEING.
  5624 | D:5      | 5624 ||| FLEEEEING.
  5625 | D:5      | 5625 ||| FLEEEEING.
  5626 | D:5      | 5626 ||| FLEEEEING.
  5627 | D:5      | 5627 ||| STAIRDANCE
  5728 | D:5      | 5728 ||| STAIRDANCE
  5786 | D:5      | 5786 ||| Stepping ~*~*~tactically~*~*~ (hiding).
  5872 | D:5      | Reached skill level 6 in Fighting
  6239 | D:5      | 6239 ||| UPGRADING to +0 pair of boots.
  6244 | D:5      | 6244 ||| DRINKING 2 black potions.
  6245 | D:5      | 6245 ||| DRINKING 2 yellow potions.
  6246 | D:5      | 6246 ||| DROPPING potion of magic.
  6298 | D:6      | 6298 ||| Stepping ~*~*~tactically~*~*~ (hiding).
  6319 | D:6      | Reached XP level 9. HP: 34/55 MP: 9/9
  6458 | D:6      | 6458 ||| Stepping ~*~*~tactically~*~*~ (stealth).
  6705 | D:6      | Noticed Menkaure
  6706 | D:6      | 6706 ||| Stepping ~*~*~tactically~*~*~ (hiding).
  6709 | D:6      | 6709 ||| Stepping ~*~*~tactically~*~*~ (hiding).
  6719 | D:6      | Killed Menkaure
  6726 | D:6      | Reached skill level 9 in Axes
  6746 | D:6      | Found a broken altar of Ashenzari.
  6795 | D:6      | Found a snail-covered altar of Cheibriados.
  6986 | D:6      | 6986 ||| READING scroll labelled YLUGYA TAGU.
  6987 | D:6      | 6987 ||| DRINKING 2 sapphire potions.
  6988 | D:6      | 6988 ||| DROPPING potion of flight.
  7049 | D:7      | Noticed Pikel
  7051 | D:7      | 7051 ||| Stepping ~*~*~tactically~*~*~ (stealth).
  7052 | D:7      | 7052 ||| Stepping ~*~*~tactically~*~*~ (stealth).
  7056 | D:7      | 7056 ||| Stepping ~*~*~tactically~*~*~ (stealth).
  7066 | D:7      | 7066 ||| Stepping ~*~*~tactically~*~*~ (stealth).
  7085 | D:7      | Killed Pikel
  7201 | D:7      | 7201 ||| Stepping ~*~*~tactically~*~*~ (stealth).
  7213 | D:7      | 7213 ||| Stepping ~*~*~tactically~*~*~ (stealth).
  7214 | D:7      | 7214 ||| Stepping ~*~*~tactically~*~*~ (stealth).
  7281 | D:7      | 7281 ||| Stepping ~*~*~tactically~*~*~ (stealth).
  7423 | D:7      | Noticed a troll
  7424 | D:7      | 7424 ||| Stepping ~*~*~tactically~*~*~ (stealth).
  7425 | D:7      | 7425 ||| Stepping ~*~*~tactically~*~*~ (stealth).
  7426 | D:7      | 7426 ||| Stepping ~*~*~tactically~*~*~ (stealth).
  7427 | D:7      | 7427 ||| Stepping ~*~*~tactically~*~*~ (stealth).
  7428 | D:7      | 7428 ||| Stepping ~*~*~tactically~*~*~ (stealth).
  7429 | D:7      | 7429 ||| Stepping ~*~*~tactically~*~*~ (stealth).
  7430 | D:7      | 7430 ||| Stepping ~*~*~tactically~*~*~ (stealth).
  7431 | D:7      | 7431 ||| Stepping ~*~*~tactically~*~*~ (stealth).
  7432 | D:7      | 7432 ||| Stepping ~*~*~tactically~*~*~ (stealth).
  7433 | D:7      | 7433 ||| Stepping ~*~*~tactically~*~*~ (stealth).
  7434 | D:7      | 7434 ||| Stepping ~*~*~tactically~*~*~ (stealth).
  7435 | D:7      | 7435 ||| Stepping ~*~*~tactically~*~*~ (stealth).
  7436 | D:7      | 7436 ||| Stepping ~*~*~tactically~*~*~ (stealth).
  7446 | D:7      | Killed a troll
  7456 | D:7      | Noticed a troll
  7457 | D:7      | 7457 ||| FLEEEEING.
  7573 | D:7      | Noticed a troll
  7585 | D:7      | Killed a troll
  7586 | D:7      | Reached XP level 10. HP: 23/63 MP: 10/10
  7586 | D:7      | 7586 ||| FLEEEEING.
  7587 | D:7      | 7587 ||| FLEEEEING.
  7651 | D:7      | 7651 ||| FLEEEEING.
  7652 | D:7      | 7652 ||| FLEEEEING.
  7653 | D:7      | 7653 ||| STAIRDANCE
  7785 | D:6      | 7785 ||| READING scroll labelled LUAME MOOCH.
  7786 | D:6      | 7786 ||| READING 2 scrolls of identify.
  7786 | D:6      | 7786 ||| IDENTIFYING ruby potion
  7814 | D:7      | Found a runed translucent door.
  7815 | D:7      | Noticed Crazy Yiuf
  7845 | D:7      | Identified the +5 spear "Danlaw" {elec, Will+ Stlth+}
  7852 | D:7      | Reached skill level 10 in Axes
  7860 | D:7      | Noticed a seven-headed hydra
  7861 | D:7      | 7861 ||| Stepping ~*~*~tactically~*~*~ (stealth).
  7862 | D:7      | 7862 ||| Stepping ~*~*~tactically~*~*~ (stealth).
  7863 | D:7      | 7863 ||| Stepping ~*~*~tactically~*~*~ (stealth).
  7891 | D:7      | 7891 ||| Stepping ~*~*~tactically~*~*~ (stealth).
  7896 | D:7      | 7896 ||| SWAPPING to +0 morningstar.
  7901 | D:7      | HP: 10/63 [seven-headed hydra (8)]
  7902 | D:7      | 7902 ||| READING 2 scrolls of teleportation.
  7902 | D:7      | HP: 4/63 [seven-headed hydra (1)]
  7903 | D:7      | 7903 ||| DRINKING potion of heal wounds.
  7906 | D:7      | Found Tadytumi's Jewellery Shoppe.
  7907 | D:7      | 7907 ||| SWAPPING to +0 war axe.
  7940 | D:7      | 7940 ||| FLEEEEING.
  7941 | D:7      | 7941 ||| FLEEEEING.
  7942 | D:7      | 7942 ||| FLEEEEING.
  7943 | D:7      | 7943 ||| FLEEEEING.
  7945 | D:7      | 7945 ||| STAIRDANCE
  8129 | D:6      | 8129 ||| READING scroll labelled TESHRI XUSMAC.
  8136 | D:7      | 8136 ||| STAIRDANCE
  8236 | D:7      | 8236 ||| SHOPLISTING +6 ring of strength (468 gold, have
                  | 380).
  8236 | D:7      | 8236 ||| SHOPLISTING amulet of guardian spirit (390 gold,
                  | have 380).
  8236 | D:7      | 8236 ||| SHOPLISTING amulet of the acrobat (390 gold, have
                  | 380).
  8236 | D:7      | 8236 ||| BUYING ring of ice (325 gold).
  8236 | D:7      | Bought a ring of ice for 325 gold pieces
  8236 | D:7      | 8236 ||| SHOPLISTING ring of resist corrosion (260 gold,
                  | have 55).
  8236 | D:7      | 8236 ||| SHOPLISTING ring of see invisible (195 gold, have
                  | 55).
  8238 | D:7      | 8238 ||| SWAPPING to +0 morningstar.
  8243 | D:7      | HP: 11/64 [seven-headed hydra (10)]
  8243 | D:7      | Slain by a seven-headed hydra

Levels and vault maps discovered:
D:1:      dpeg_arrival_round_a, layout_loops_ring, serial_rivers,
          chequers_serial_rivers_micro_d, chequers_serial_rivers_micro_d,
          chequers_serial_rivers_small_3, chequers_serial_rivers_micro_d,
          chequers_serial_rivers_micro_a, chequers_serial_rivers_micro_d,
          ebering_ecumenical_altar_box
D:2:      layout_basic, serial_shops, shop_fountains,
          nicolae_shop_advertising_works [nicolae_subvault_shop_adworks],
          nicolae_shop_behind_doors, nicolae_shop_bloodbath_and_beyond, shop,
          minivault_24
D:3:      layout_loops_cross, lemuel_zombie_altar_kikubaaqudgha,
          minmay_misc_feat_plants, uniq_terence, uniq_sigmund
D:4:      layout_rooms, elyvilon_altar_5, minmay_temple_entry_large_hall,
          lemuel_another_geyser, uniq_ijyb
D:5:      wander_river, layout_cave_pools, serial_bayou_ford_a,
          nicolae_zen_rock_garden
D:6:      layout_cave_pools, chei_slow_surprise, nicolae_ashenzari_panopticon,
          uniq_menkaure
D:7:      old_forge, layout_rooms, nicolae_vehumet_radiance,
          okawaru_ov_weapons_minmay, serial_shops, shop, enter_bailey_8,
          hellmonk_guarded_unrand_vines, uniq_pikel, uniq_crazy_yiuf_cottage
Temple:   hellmonk_temple_forest_ring

Skill      XL: |  1  2  3  4  5  6  7  8  9 10 |
---------------+-------------------------------+-----
Axes           | 2 3 5 6 7 8 9 10 | 10.0
Fighting       | 4 5 6 7 |  7.8
Armour         | 4 5 7 |  7.1
Dodging        | 1 |  1.1
Throwing       | 1 |  1.5
Shields        | 4 |  4.1

Action                   |  1- 3 |  4- 6 |  7- 9 | 10-12 || total
-------------------------+-------+-------+-------+-------++-------
Melee: War axe           |   102 |   149 |   374 |    11 ||   636
       Morningstar       |       |       |       |    11 ||    11
Throw: Boomerang         |       |       |    14 |       ||    14
  Use: Scroll            |     3 |     4 |     5 |     4 ||    16
       Potion            |     2 |       |     5 |     1 ||     8
 Stab: Distracted        |       |       |     1 |       ||     1
       Held in net/web   |       |       |     1 |       ||     1
Armor: Scale mail        |    30 |       |       |       ||    30
       Chain mail        |    26 |    67 |       |       ||    93
       Plate armour      |       |    59 |   225 |    53 ||   337
Dodge: Dodged            |    46 |    46 |   190 |    29 ||   311
Block: Buckler           |    21 |    30 |    78 |    12 ||   141

Table legend:
 A = Non-vault XP
 B = Vault XP
 C = Vault XP percentage of total XP
 D = Non-vault monster count
 E = Vault monster count
 F = Vault count percentage of total count
                 A         B        C        D         E       F
            +---------+---------+-------+---------+---------+-------
      Total |    2609 |    2480 |  48.7 |     141 |      26 |  15.6
            +---------+---------+-------+---------+---------+-------
        D:1 |      35 |       0 |   0.0 |      19 |       0 |   0.0
        D:2 |      93 |       0 |   0.0 |      18 |       0 |   0.0
        D:3 |     133 |     288 |  68.4 |      26 |       8 |  23.5
        D:4 |     496 |      38 |   7.1 |      30 |       1 |   3.2
        D:5 |    1080 |       0 |   0.0 |      23 |       0 |   0.0
        D:6 |     501 |     169 |  25.2 |       8 |       1 |  11.1
        D:7 |     271 |    1985 |  88.0 |      17 |      16 |  48.5
            +---------+---------+-------+---------+---------+-------
